HSSL
OVERLAND PARK HS TRIPLETS @ BUCHANAN HS
04/11/2030
 
TOP OF THE 1ST
Overland Park HS Triplets batting - Pitching for Buchanan HS : RHP Jim Wither
Pitching: RHP Jim Wither
Batting: RHB Mark Simms 0-0: Ball
1-0: Ball
2-0: Swinging Strike
2-1: Ball
3-1: Base on Balls
Batting: RHB Eddie Stanton 0-0: Called Strike
0-1: Ball
1-1: Foul Ball, location: 2F
1-2: Grounds into double play, 6-4-3 (Groundball, 6)
Batting: RHB Emery Cooper 0-0: Called Strike
0-1: Called Strike
0-2: Ball
1-2: Strikes out swinging
Top of the 1st over - 0 runs, 0 hits, 0 errors, 0 left on base; Overland Park HS 0 - Buchanan HS 0
BOTTOM OF THE 1ST
Buchanan HS batting - Pitching for Overland Park HS Triplets : LHP Geoff Weber
Pitching: LHP Geoff Weber
Batting: RHB Richard Franco 0-0: Called Strike
0-1: Foul Ball, location: 2F
0-2: Ball
1-2: Ball
2-2: Ground out 6-3 (Groundball, 6)
Batting: RHB Jorge Álvarez 0-0: Ball
1-0: Ball
2-0: Called Strike
2-1: Foul Ball, location: 2F
2-2: Ground out 6-3 (Groundball, 6)
Batting: LHB Edgar Cameron 0-0: Called Strike
0-1: Ball
1-1: Foul Ball, location: 2F
1-2: Ball
2-2: Fly out, F1 (Line Drive, 13)
Bottom of the 1st over - 0 runs, 0 hits, 0 errors, 0 left on base; Overland Park HS 0 - Buchanan HS 0
TOP OF THE 2ND
Overland Park HS Triplets batting - Pitching for Buchanan HS : RHP Jim Wither
Batting: RHB Alex Moran 0-0: Called Strike
0-1: Swinging Strike
0-2: Ball
1-2: Strikes out looking
Batting: SHB Pat Hill 0-0: Ball
1-0: Called Strike
1-1: Called Strike
1-2: Ball
2-2: Strikes out looking
Batting: RHB Pablo Quintanilla 0-0: Called Strike
0-1: Hit by Pitch
Batting: RHB Al Kelly 0-0: Called Strike
0-1: Fielders Choice at 2nd, 5-4 (Groundball, 5)
Top of the 2nd over - 0 runs, 0 hits, 0 errors, 1 left on base; Overland Park HS 0 - Buchanan HS 0
BOTTOM OF THE 2ND
Buchanan HS batting - Pitching for Overland Park HS Triplets : LHP Geoff Weber
Batting: RHB Anthony Moore 0-0: Called Strike
0-1: Foul Ball, location: 2F
0-2: Ball
1-2: Strikes out swinging
Batting: RHB Tom Ross 0-0: Ball
1-0: Ball
2-0: Called Strike
2-1: Foul Ball, location: 2F
2-2: Ball
3-2: Ground out 3-1 (Groundball, 34)
Batting: RHB Joe Ritchie 0-0: Called Strike
0-1: Swinging Strike
0-2: Ball
1-2: Foul Ball, location: 2F
1-2: Fly out, F3 (Popup, 23F)
Bottom of the 2nd over - 0 runs, 0 hits, 0 errors, 0 left on base; Overland Park HS 0 - Buchanan HS 0
TOP OF THE 3RD
Overland Park HS Triplets batting - Pitching for Buchanan HS : RHP Jim Wither
Batting: SHB John Hansen 0-0: Called Strike
0-1: SINGLE (Line Drive, 8LS)
Batting: RHB Carson Doss 0-0: Ball
1-0: Ball
2-0: Ball
3-0: Base on Balls
John Hansen to second
Batting: RHB Mark Simms 0-0: Foul Ball, location: 2F
0-1: Fly out, F8 (Flyball, 8LD)
Batting: RHB Eddie Stanton 0-0: Grounds into double play, 6-4-3 (Groundball, 6)
Top of the 3rd over - 0 runs, 1 hit, 0 errors, 1 left on base; Overland Park HS 0 - Buchanan HS 0
BOTTOM OF THE 3RD
Buchanan HS batting - Pitching for Overland Park HS Triplets : LHP Geoff Weber
Batting: RHB Jack Lee 0-0: Ball
1-0: SINGLE (Line Drive, 4M)
Batting: RHB Jim Williams 0-0: Foul Ball, location: 2F
0-1: Grounds into double play, 4-6-3 (Groundball, 4)
Batting: LHB Albert Fuentes 0-0: Called Strike
0-1: Called Strike
0-2: Foul Ball, location: 2F
0-2: Strikes out looking
Bottom of the 3rd over - 0 runs, 1 hit, 0 errors, 0 left on base; Overland Park HS 0 - Buchanan HS 0
TOP OF THE 4TH
Overland Park HS Triplets batting - Pitching for Buchanan HS : RHP Jim Wither
Batting: RHB Emery Cooper 0-0: Ball
1-0: Called Strike
1-1: Swinging Strike
1-2: Ball
2-2: Foul Ball, location: 2F
2-2: Strikes out looking
Batting: RHB Alex Moran 0-0: Ball
1-0: Foul Ball, location: 2F
1-1: Ball
2-1: Swinging Strike
2-2: Ball
3-2: Base on Balls
Batting: SHB Pat Hill 0-0: Called Strike
0-1: Ball
1-1: Ball
2-1: Foul Ball, location: 2F
2-2: Ball
3-2: Ground out U3 (Groundball, 34S)
Alex Moran to second
Batting: RHB Pablo Quintanilla 0-0: Foul Ball, location: 2F
0-1: Ball
1-1: Swinging Strike
1-2: Ball
2-2: Ball
3-2: Ground out 6-3 (Groundball, 6S)
Top of the 4th over - 0 runs, 0 hits, 0 errors, 1 left on base; Overland Park HS 0 - Buchanan HS 0
BOTTOM OF THE 4TH
Buchanan HS batting - Pitching for Overland Park HS Triplets : LHP Geoff Weber
Batting: RHB Richard Franco 0-0: Called Strike
0-1: Foul Ball, location: 2F
0-2: Ball
1-2: Ball
2-2: Strikes out looking
Batting: RHB Jorge Álvarez 0-0: Ball
1-0: Ball
2-0: Ball
3-0: Called Strike
3-1: Fly out, F7 (Flyball, 7)
Batting: LHB Edgar Cameron 0-0: Called Strike
0-1: Ball
1-1: Ball
2-1: Foul Ball, location: 2F
2-2: Strikes out swinging
Bottom of the 4th over - 0 runs, 0 hits, 0 errors, 0 left on base; Overland Park HS 0 - Buchanan HS 0
TOP OF THE 5TH
Overland Park HS Triplets batting - Pitching for Buchanan HS : RHP Jim Wither
Batting: RHB Al Kelly 0-0: Ball
1-0: Foul Ball, location: 2F
1-1: Foul Ball, location: 2F
1-2: Foul Ball, location: 2F
1-2: Ball
2-2: Ground out 4-3 (Groundball, 4)
Batting: SHB John Hansen 0-0: Swinging Strike
0-1: Swinging Strike
0-2: Ball
1-2: Ball
2-2: Foul Ball, location: 2F
2-2: Foul Ball, location: 2F
2-2: Strikes out swinging
Batting: RHB Carson Doss 0-0: Ball
1-0: Bunted foul
1-1: Ball
2-1: Foul Ball, location: 2F
2-2: Foul Ball, location: 2F
2-2: Ball
3-2: SINGLE (Flyball, 8LS)
Batting: RHB Mark Simms 0-0: Called Strike
0-1: Ball
1-1: Foul Ball, location: 2F
1-2: Strikes out looking
Top of the 5th over - 0 runs, 1 hit, 0 errors, 1 left on base; Overland Park HS 0 - Buchanan HS 0
BOTTOM OF THE 5TH
Buchanan HS batting - Pitching for Overland Park HS Triplets : LHP Geoff Weber
Batting: RHB Anthony Moore 0-0: Ball
1-0: SINGLE (Line Drive, 6M)
Batting: RHB Tom Ross 0-0: Ball
1-0: Foul Ball, location: 2F
1-1: Ball
2-1: Foul Ball, location: 2F
2-2: Ball
3-2: Strikes out swinging
Batting: RHB Joe Ritchie 0-0: Ball
1-0: Foul Ball, location: 2F
1-1: Called Strike
1-2: Foul Ball, location: 2F
1-2: Ball
2-2: Ball
3-2: Foul Ball, location: 2F
3-2: Foul Ball, location: 2F
3-2: SINGLE (Line Drive, 8LS)
Anthony Moore to second
Batting: RHB Jack Lee 0-0: Called Strike
0-1: Ball
1-1: Ball
2-1: Ball
3-1: Called Strike
3-2: Strikes out swinging
Batting: RHB Jim Williams 0-0: Ball
1-0: Ground out 5-3 (Groundball, 56)
Bottom of the 5th over - 0 runs, 2 hits, 0 errors, 2 left on base; Overland Park HS 0 - Buchanan HS 0
TOP OF THE 6TH
Overland Park HS Triplets batting - Pitching for Buchanan HS : RHP Jim Wither
Pitching: RHP Norm Hinton
Batting: RHB Eddie Stanton 0-0: Called Strike
0-1: Ball
1-1: Swinging Strike
1-2: Ball
2-2: Strikes out looking
Batting: RHB Emery Cooper 0-0: Ball
1-0: Swinging Strike
1-1: Called Strike
1-2: Ball
2-2: Strikes out swinging
Batting: RHB Alex Moran 0-0: Swinging Strike
0-1: Ball
1-1: Ball
2-1: Foul Ball, location: 2F
2-2: Foul Ball, location: 2F
2-2: Foul Ball, location: 2F
2-2: SOLO HOME RUN (Line Drive, 9LD), Distance : 357 ft
Batting: SHB Pat Hill 0-0: Swinging Strike
0-1: Fly out, F9 (Flyball, 9S)
Top of the 6th over - 1 run, 1 hit, 0 errors, 0 left on base; Overland Park HS 1 - Buchanan HS 0
BOTTOM OF THE 6TH
Buchanan HS batting - Pitching for Overland Park HS Triplets : LHP Geoff Weber
Batting: LHB Albert Fuentes 0-0: Called Strike
0-1: Ball
1-1: Foul Ball, location: 2F
1-2: DOUBLE (Line Drive, 9LS)
Pitching: LHP Eric Robinson
Batting: RHB Richard Franco 0-0: Swinging Strike
0-1: Ball
1-1: Ball
2-1: Swinging Strike
2-2: Fly out, F9 (Flyball, 89M)
Batting: RHB Jorge Álvarez 0-0: Ball
1-0: Called Strike
1-1: Called Strike
1-2: Foul Ball, location: 2F
1-2: Ball
2-2: SINGLE (Groundball, 56D)
Albert Fuentes to third
Batting: LHB Edgar Cameron 0-0: Called Strike
0-1: Fly out, F8 (Flyball, 8RD)
Runner from 3rd tags up, OUT at HOME
Bottom of the 6th over - 0 runs, 2 hits, 0 errors, 1 left on base; Overland Park HS 1 - Buchanan HS 0
TOP OF THE 7TH
Overland Park HS Triplets batting - Pitching for Buchanan HS : RHP Norm Hinton
Batting: RHB Pablo Quintanilla 0-0: Ball
1-0: Called Strike
1-1: Foul Ball, location: 2F
1-2: Ball
2-2: Ball
3-2: Base on Balls
Batting: RHB Al Kelly 0-0: Ball
1-0: Bunted foul
1-1: Bunt missed!
1-2: Ball
2-2: Fly out, F8 (Flyball, 8LS)
Batting: SHB John Hansen 0-0: SINGLE (Line Drive, 4M)
Pablo Quintanilla to second
Runner from 2nd tries for 3rd, SAFE, no throw
Batting: RHB Carson Doss 0-0: Called Strike
0-1: Foul Ball, location: 2F
0-2: Strikes out swinging
Batting: RHB Mark Simms 0-0: Called Strike
0-1: Called Strike
0-2: Ball
1-2: Foul Ball, location: 2F
1-2: Foul Ball, location: 2F
1-2: Ball
2-2: SINGLE (Groundball, 15S) (infield hit)
Pablo Quintanilla scores
John Hansen to second
Batting: RHB Eddie Stanton 0-0: Ball
1-0: Ball
2-0: Foul Ball, location: 2F
2-1: Foul Ball, location: 2F
2-2: Strikes out looking
Top of the 7th over - 1 run, 2 hits, 0 errors, 2 left on base; Overland Park HS 2 - Buchanan HS 0
BOTTOM OF THE 7TH
Buchanan HS batting - Pitching for Overland Park HS Triplets : LHP Eric Robinson
Batting: RHB Anthony Moore 0-0: SINGLE (Groundball, 6MD)
Batting: RHB Tom Ross 0-0: Ball
1-0: Ball
2-0: Called Strike
2-1: Foul Ball, location: 2F
2-2: Foul Ball, location: 2F
2-2: Strikes out looking
Batting: RHB Joe Ritchie 0-0: Foul Ball, location: 2F
0-1: Ball
1-1: Ball
2-1: Ball
3-1: Base on Balls
Anthony Moore to second
Batting: RHB Jack Lee 0-0: Ball
1-0: Called Strike
1-1: Fly out, F8 (Flyball, 8RM)
Batting: RHB Jim Williams 0-0: Called Strike
0-1: Called Strike
0-2: Ball
1-2: Strikes out swinging
Bottom of the 7th over - 0 runs, 1 hit, 0 errors, 2 left on base; Overland Park HS 2 - Buchanan HS 0
TOP OF THE 8TH
Overland Park HS Triplets batting - Pitching for Buchanan HS : RHP Norm Hinton
Batting: RHB Emery Cooper 0-0: Called Strike
0-1: Fly out, F8 (Flyball, 8RD)
Batting: RHB Alex Moran 0-0: Called Strike
0-1: Ball
1-1: Ground out 6-3 (Groundball, 6)
Batting: SHB Pat Hill 0-0: Called Strike
0-1: Ball
1-1: Swinging Strike
1-2: Ground out 4-3 (Groundball, 4)
Top of the 8th over - 0 runs, 0 hits, 0 errors, 0 left on base; Overland Park HS 2 - Buchanan HS 0
BOTTOM OF THE 8TH
Buchanan HS batting - Pitching for Overland Park HS Triplets : LHP Eric Robinson
Batting: LHB Albert Fuentes 0-0: Ball
1-0: Called Strike
1-1: Ball
2-1: Ball
3-1: Swinging Strike
3-2: Foul Ball, location: 2F
3-2: Foul Ball, location: 2F
3-2: Base on Balls
Pitching: RHP Ray Taylor
Batting: RHB Richard Franco 0-0: Called Strike
0-1: Foul Ball, location: 2F
0-2: Foul Ball, location: 2F
0-2: Fielders Choice at 2nd, 5-4 (Groundball, 56)
Batting: RHB Jorge Álvarez 0-0: Ball
1-0: Foul Ball, location: 2F
1-1: Ball
2-1: Swinging Strike
2-2: Ball
3-2: Foul Ball, location: 2F
3-2: Foul Ball, location: 2F
3-2: Ground out 4-3 (Groundball, 4)
Richard Franco to second
Pitching: LHP Dennis Miller
Batting: LHB Edgar Cameron 0-0: Ball
1-0: Called Strike
1-1: 2-RUN HOME RUN (Flyball, 9D), Distance : 366 ft
Pitching: LHP Mark Jacobs
Batting: RHB Anthony Moore 0-0: Ball
1-0: Ball
2-0: Foul Ball, location: 2F
2-1: Ball
3-1: Fly out, F8 (Flyball, 8LM)
Bottom of the 8th over - 2 runs, 1 hit, 0 errors, 0 left on base; Overland Park HS 2 - Buchanan HS 2
TOP OF THE 9TH
Overland Park HS Triplets batting - Pitching for Buchanan HS : RHP Norm Hinton
Pitching: RHP Fernando Acevedo
Batting: RHB Pablo Quintanilla 0-0: Ball
1-0: Fly out, F6 (Popup, 6)
Batting: RHB Al Kelly 0-0: Called Strike
0-1: Swinging Strike
0-2: Strikes out swinging
Pinch Hitting: RHB Scott Hurley 0-0: Ball
1-0: Swinging Strike
1-1: Called Strike
1-2: Ball
2-2: Ball
3-2: Ground out 6-3 (Groundball, 6M)
Top of the 9th over - 0 runs, 0 hits, 0 errors, 0 left on base; Overland Park HS 2 - Buchanan HS 2
BOTTOM OF THE 9TH
Buchanan HS batting - Pitching for Overland Park HS Triplets : LHP Mark Jacobs
Now at 3B: Paco Tapia
Batting: RHB Tom Ross 0-0: Foul Ball, location: 2F
0-1: Foul Ball, location: 2F
0-2: Hit by Pitch
Batting: RHB Joe Ritchie 0-0: Foul Ball, location: 2F
0-1: Swinging Strike
0-2: Ball
1-2: Foul Ball, location: 2F
1-2: Grounds into double play, 6-4-3 (Groundball, 6)
Batting: RHB Jack Lee 0-0: Foul Ball, location: 2F
0-1: Foul Ball, location: 2F
0-2: Strikes out swinging
Bottom of the 9th over - 0 runs, 0 hits, 0 errors, 0 left on base; Overland Park HS 2 - Buchanan HS 2
TOP OF THE 10TH
Overland Park HS Triplets batting - Pitching for Buchanan HS : RHP Fernando Acevedo
Batting: RHB Carson Doss 0-0: Called Strike
0-1: Ground out 6-3 (Groundball, 56)
Batting: RHB Mark Simms 0-0: Called Strike
0-1: Foul Ball, location: 2F
0-2: Ball
1-2: Strikes out looking
Batting: RHB Eddie Stanton 0-0: Fly out, F4 (Popup, 4MD)
Top of the 10th over - 0 runs, 0 hits, 0 errors, 0 left on base; Overland Park HS 2 - Buchanan HS 2
BOTTOM OF THE 10TH
Buchanan HS batting - Pitching for Overland Park HS Triplets : LHP Mark Jacobs
Pitching: RHP Clint Smith
Pinch Hitting: SHB Chad MacGregor 0-0: Called Strike
0-1: Foul Ball, location: 2F
0-2: Ball
1-2: SINGLE (Groundball, 4) (infield hit)
Pinch Hitting: LHB David Guillén 0-0: Ball
1-0: Swinging Strike
1-1: Called Strike
1-2: Strikes out swinging
Batting: RHB Richard Franco 0-0: SINGLE (Groundball, 56D)
Chad MacGregor to second
Batting: RHB Jorge Álvarez 0-0: Called Strike
0-1: Swinging Strike
0-2: Strikes out swinging
Batting: LHB Edgar Cameron 0-0: Ball
1-0: Swinging Strike
1-1: Foul Ball, location: 2F
1-2: Hit by Pitch
Chad MacGregor to third
Richard Franco to second
Batting: RHB Anthony Moore 0-0: Ball
1-0: SINGLE (Flyball, 7S)
Chad MacGregor scores
Saturday, April 7th, 2018 - OOTP Baseball 18.8 Build 76